 Dungeon Crawl Stone Soup version 0.20-a0-256-gabb291d (webtiles) character file.

13393 Faca the Cleaver (level 12, -6/94 HPs)
             Began as a Formicid Fighter on Dec 2, 2016.
             Was a High Priest of Trog.
             Mangled by a white ugly thing (28 damage)
             ... on level 12 of the Dungeon.
             The game lasted 00:48:05 (10340 turns).

Faca the Cleaver (Formicid Fighter)                Turns: 10340, Time: 00:48:05

Health: -6/94      AC: 15    Str: 25    XL:     12   Next: 32%
Magic:  0/10       EV:  7    Int:  4    God:    Trog [*****.]
Gold:   827        SH: 13    Dex: 12    Spells: 11/11 levels left

rFire  + . .     SeeInvis +     x - +4 dire flail (freeze)
rCold  x . .     Gourm    .     v - +0 storm dragon scales
rNeg   + + +     Faith    .     c - +0 shield
rPois  +         Spirit   +     (helmet unavailable)
rElec  +         Reflect  .     (no cloak)
rCorr  .         Harm     .     D - +0 pair of gloves
MR     +....                    u - +1 pair of boots of Unambiguity {*Slow rN+++ Str+3 Int-4}
Stlth  ..........               p - amulet of guardian spirit
                                k - +3 ring of protection
                                a - ring "Bakustridiu" {rPois rF+ rC- rN++ EV-2} (curse)

@: no status effects
A: permanent stasis, dig shafts and tunnels, four strong arms, antennae 3,
talons 1, clumsy 1, deformed body, low mp 1, wild magic 1, MP-powered wands
a: Dig, Shaft Self, Trog's Hand, Brothers in Arms, Burn Spellbooks, Renounce
Religion


You were on level 12 of the Dungeon.
You worshipped Trog.
Trog was extremely pleased with you.
You were not hungry.

You visited 1 branch of the dungeon, and saw 12 of its levels.
You also visited: Sewer and Ossuary.

You collected 827 gold pieces.

Inventory:

Hand Weapons
 x - a +4 dire flail of freezing (weapon)
 C - a +3 hand axe
Missiles
 e - 4 javelins of penetration (quivered)
Armour
 c - a +0 shield (worn)
 u - the +1 pair of boots of Unambiguity (worn) {*Slow rN+++ Str+3 Int-4}
   (You found it on level 12 of the Dungeon)

   It affects your strength (+3).
   It affects your intelligence (-4).
   It renders you almost immune to negative energy.
   It may slow you when you take damage.
 v - +0 storm dragon scales (worn)
 D - a +0 pair of gloves (worn)
Jewellery
 a - the cursed ring "Bakustridiu" (left hand) {rPois rF+ rC- rN++ EV-2}
   (You found it on level 11 of the Dungeon)

   [ring of evasion]

   It affects your evasion (-2).
   It protects you from fire.
   It makes you vulnerable to cold.
   It protects you from poison.
   It greatly protects you from negative energy.
   It has a curse placed upon it.
 h - an uncursed ring of fire
 k - a +3 ring of protection (right hand)
 n - an uncursed ring of positive energy
 p - an amulet of guardian spirit (around neck)
 B - an uncursed ring of resist corrosion
Wands
 o - a wand of acid (2/15)
 A - a wand of heal wounds (2/9)
 G - a wand of iceblast (10/15)
Scrolls
 m - a scroll of enchant weapon
 q - a scroll of enchant armour
 w - 8 scrolls of identify
 y - 2 scrolls of remove curse
Potions
 b - a potion of magic
 d - 7 potions of might
 i - 2 potions of agility
 j - 6 potions of brilliance
 l - 5 potions of cancellation
 r - a potion of heal wounds
 s - 10 potions of curing
 t - 6 potions of flight
 z - 2 potions of resistance
Miscellaneous
 E - a sack of spiders
Comestibles
 f - 6 bread rations
 g - 6 meat rations


   Skills:
 + Level 8.8 Fighting
 + Level 12.8(13.0) Axes
 + Level 3.2(9.1) Maces & Flails
 + Level 8.0 Armour
 + Level 2.1 Dodging
 + Level 11.1 Shields


You had 11 spell levels left.
You didn't know any spells.

Dungeon Overview and Level Annotations

Branches:
Dungeon (12/15)            Temple (0/1) D:5            Lair (0/6) D:8
    Orc (0/2) D:12

Altars:
Dithmenos
Elyvilon
Nemelex Xobeh
Trog
The Shining One

Shops:
D:4 (   D:7 =

Portals:
Trove: D:10 (give +2 gold dragon scales)

Annotations:
D:3 1 runed door


Innate Abilities, Weirdness & Mutations

You cannot be hasted, slowed, berserked, paralysed or teleported.
You can dig through walls and to a lower floor.
Your four strong arms can wield two-handed weapons with a shield.
You have a pair of large antennae on your head. (SInv)
You have sharp toenails.
You are clumsy. (Dex -2)
Armour fits poorly on your strangely shaped body.
Your magical capacity is low. (-10% MP)
Your spells are a little harder to cast, but a little more powerful.
You expend magic power (3 MP) to strengthen your wands.


Message History

You hit the white ugly thing but do no damage.
You block the white ugly thing's attack.
You barely miss the white ugly thing. You sock the white ugly thing!
You freeze the white ugly thing.
The white ugly thing is lightly wounded.
The white ugly thing headbutts you. The white ugly thing freezes you!!
You feel a terrible chill!
* * * LOW HITPOINT WARNING * * *
You barely miss the white ugly thing.
The white ugly thing is lightly wounded.
You block the white ugly thing's attack.
You bludgeon the white ugly thing!! You freeze the white ugly thing.
The white ugly thing is heavily wounded.
You block the white ugly thing's attack.
You impale the white ugly thing!! You freeze the white ugly thing.
The white ugly thing is almost dead.
The white ugly thing headbutts you.
* * * LOW HITPOINT WARNING * * *
The white ugly thing freezes you!!
You feel a terrible chill!
You die...

#######.####.##### *,,,
.........(.......# *,**
###.###.##.###.#.# *,* # #.#
#..........# *,*
###.###....###.#.# *,*
...............#.# *,*
#######......###.# *,* #
####.......# *********,* ######
###.###@# *,,,,,,,,,* .....#***
#.# #u# *,,,,,,,,,*
.......,*###.###e# *,,,,,,,,,*
####.##.##.......#####...,∩,,,***
# *,#*...........).{....,,,,,*,,
# *,**###..####.######..,>,,,*,*
*,* #..* #.#*****,,,,,,,*,* *,*
*,,* #.(,,,**,,,∩,,,*,*
*,*****,,* ####*,,,{,,,,,,,,*


You could see a white ugly thing and a deep elf mage.

Vanquished Creatures
  The ghost of BlueFish the Covert, a novice OpVM of Dithmenos (D:8)
  An unseen horror (D:12)
  2 cyclopes
  2 ugly things
  Psyche (D:8)
  A troll (D:10)
  Grinder (D:5)
  2 two-headed ogres
  2 hippogriffs
  4 wyverns
  5 yaks (D:12)
  Eustachio (D:6)
  3 hungry ghosts
  A water moccasin (D:10)
  Duvessa (D:4)
  4 orc warriors
  5 sky beasts
  4 ice beasts
  3 ogres
  3 centaurs
  A crocodile (D:7)
  2 big kobolds
  The ghost of jasper the Firebug, an amateur DEFE of Vehumet (D:4)
  Blork the orc (D:4)
  4 bullfrogs
  2 wyvern zombies
  A water moccasin zombie (Ossuary)
  Dowan (D:4)
  4 scorpions
  9 wights
  3 howler monkeys
  6 crimson imps
  6 centaur zombies
  3 bullfrog zombies
  An iron imp (D:5)
  5 jellies
  3 bullfrog skeletons
  8 orc priests
  5 centaur skeletons
  A hound (D:12)
  2 iguanas
  A worker ant (D:9)
  14 orc wizards
  2 hound skeletons
  13 mummies
  A howler monkey zombie (Ossuary)
  4 worker ant zombies
  Robin (D:4)
  3 gnolls (D:7)
  A howler monkey skeleton (D:7)
  12 adders
  A river rat (D:4)
  2 shadow imps
  An ooze (Sewer)
  4 adder zombies
  An adder skeleton (D:7)
  2 dart slugs
  11 leopard geckos
  42 orcs
  5 ball pythons (Sewer)
  7 giant cockroaches
  13 goblins
  9 hobgoblins
  13 jackals
  24 kobolds
  8 quokkas
  8 bats
  6 frilled lizards
  2 goblin skeletons (D:5)
  3 hobgoblin zombies (D:5)
  A jackal skeleton (D:6)
  A jackal zombie (Ossuary)
  4 kobold zombies (D:5)
  A leopard gecko zombie (Ossuary)
  An orc zombie (D:5)
  A quokka skeleton (D:4)
  A quokka zombie (Ossuary)
  7 rats
347 creatures vanquished.

Vanquished Creatures (collateral kills)
  Nessos (D:12)
1 creature vanquished.

Vanquished Creatures (others)
  A wizard (D:4)
  A worker ant (D:12)
2 creatures vanquished.

Grand Total: 350 creatures vanquished

Notes
Turn   | Place    | Note
-------+----------+-------------------------------------------
     0 | D:1      | Faca the Formicid Fighter began the quest for the Orb.
     0 | D:1      | Reached XP level 1. HP: 18/18 MP: 1/1
   108 | D:1      | Reached XP level 2. HP: 22/24 MP: 2/2
   256 | D:1      | Reached XP level 3. HP: 26/29 MP: 3/3
   678 | D:2      | Found a shadowy altar of Dithmenos.
   790 | D:2      | Reached XP level 4. HP: 31/35 MP: 4/4
  1006 | D:2      | Reached skill level 3 in Axes
  1298 | D:3      | Reached XP level 5. HP: 38/41 MP: 5/5
  1461 | D:3      | Found a runed door.
  1462 | D:3      | Found a white marble altar of Elyvilon.
  1462 | D:3      | Noticed an angel
  1616 | D:4      | Found Buduvaf's Antique Weapon Shoppe.
  1652 | D:4      | Found a bloodstained altar of Trog.
  1653 | D:4      | Noticed a wizard
  1658 | D:4      | Became a worshipper of Trog the Wrathful
  1658 | D:4      | Killed a wizard
  1738 | D:4      | Noticed Blork the orc
  1753 | D:4      | Killed Blork the orc
  1753 | D:4      | Reached skill level 4 in Axes
  1753 | D:4      | Reached skill level 5 in Shields
  1753 | D:4      | Reached XP level 6. HP: 38/47 MP: 6/6
  1769 | D:4      | Noticed jasper's ghost (amateur DEFE)
  1774 | D:4      | Noticed an ogre
  1783 | D:4      | Killed an ogre
  1784 | D:4      | Killed jasper's ghost
  1784 | D:4      | Reached XP level 7. HP: 38/53 MP: 7/7
  1911 | D:4      | Found a glowing drain.
  1915 | Sewer    | Entered a sewer
  1995 | Sewer    | Reached * piety under Trog
  2012 | Sewer    | Reached skill level 5 in Axes
  2359 | D:4      | Noticed Dowan
  2360 | D:4      | Noticed Duvessa
  2383 | D:4      | Killed Dowan
  2402 | D:4      | Reached ** piety under Trog
  2407 | D:4      | Killed Duvessa
  2407 | D:4      | Reached skill level 6 in Axes
  2796 | D:4      | Noticed Robin
  2797 | D:4      | Reached XP level 8. HP: 60/60 MP: 8/8
  2805 | D:4      | Killed Robin
  3227 | D:5      | Entered Level 5 of the Dungeon
  3347 | D:5      | Found a sand-covered staircase.
  3356 | Ossuary  | Entered an ossuary
  3415 | Ossuary  | Reached skill level 7 in Axes
  3478 | Ossuary  | Reached *** piety under Trog
  3478 | Ossuary  | Reached skill level 1 in Dodging
  3532 | Ossuary  | Reached skill level 5 in Armour
  3712 | D:5      | Reached skill level 5 in Fighting
  3826 | D:5      | Reached skill level 8 in Axes
  3880 | D:5      | Found a staircase to the Ecumenical Temple.
  3936 | D:5      | Reached XP level 9. HP: 68/68 MP: 9/9
  4012 | D:5      | Found a glowing golden altar of the Shining One.
  4014 | D:5      | Noticed Grinder
  4063 | D:5      | Killed Grinder
  4454 | D:6      | Noticed Eustachio
  4464 | D:6      | Reached **** piety under Trog
  4487 | D:6      | Killed Eustachio
  4717 | D:6      | Reached skill level 9 in Axes
  5339 | D:7      | Noticed a hippogriff
  5350 | D:7      | Killed a hippogriff
  5407 | D:7      | Found a bloodstained altar of Trog.
  5527 | D:7      | Reached XP level 10. HP: 69/76 MP: 10/10
  5562 | D:7      | Reached skill level 10 in Axes
  5791 | D:7      | Found Zozy's Jewellery Boutique.
  5897 | D:8      | Found a staircase to the Lair.
  5930 | D:8      | Noticed BlueFish's ghost (novice OpVM)
  5977 | D:8      | Killed BlueFish's ghost
  6300 | D:8      | Noticed Psyche
  6323 | D:8      | Killed Psyche
  6323 | D:8      | Reached skill level 11 in Axes
  6572 | D:8      | Reached ***** piety under Trog
  6734 | D:9      | Received a gift from Trog
  7026 | D:9      | Found a sparkling altar of Nemelex Xobeh.
  7503 | D:10     | Entered Level 10 of the Dungeon
  7514 | D:10     | Reached XP level 11. HP: 62/84 MP: 7/11
  7523 | D:10     | Gained mutation: You are clumsy. (Dex -2) [mutagenic meat]
  7524 | D:10     | Gained mutation: You expend magic power (3 MP) to strengthen your wands. [mutagenic meat]
  7719 | D:10     | Found a glowing golden altar of the Shining One.
  7907 | D:10     | Found a portal to a secret trove of treasure.
  8191 | D:10     | Reached skill level 12 in Axes
  8538 | D:10     | Noticed a cyan ugly thing
  8556 | D:10     | Killed a cyan ugly thing
  8560 | D:10     | Gained mutation: Armour fits poorly on your strangely shaped body. [mutagenic meat]
  8648 | D:11     | Reached skill level 10 in Shields
  8698 | D:11     | Noticed a cyclops
  8712 | D:11     | Killed a cyclops
  8894 | D:11     | Received a gift from Trog
  9283 | D:11     | Gained mutation: You are robust. (+10% HP) [mutagenic meat]
  9284 | D:11     | Gained mutation: You have sharp toenails. [mutagenic meat]
  9285 | D:11     | Lost mutation: You are robust. (+10% HP) [mutagenic meat]
  9287 | D:11     | Gained mutation: Your magical capacity is low. (-10% MP) [mutagenic meat]
  9288 | D:11     | Lost mutation: You have sharp toenails. [mutagenic meat]
  9325 | D:11     | Gained mutation: You have sharp toenails. [mutagenic meat]
  9326 | D:11     | Gained mutation: Your spells are a little harder to cast, but a little more powerful. [mutagenic meat]
  9480 | D:11     | Got a twitching turquoise ring
  9482 | D:11     | Identified the cursed ring "Bakustridiu" {rPois rF+ rC- rN++ EV-2} (You found it on level 11 of the Dungeon)
  9710 | D:12     | Noticed an unseen horror
  9748 | D:12     | Killed an unseen horror
  9795 | D:12     | Got a pair of polished boots
  9806 | D:12     | Identified the +1 pair of boots of Unambiguity {*Slow rN+++ Str+3 Int-4} (You found it on level 12 of the Dungeon)
  9817 | D:12     | Reached XP level 12. HP: 76/94 MP: 8/10
  9949 | D:12     | Noticed Nessos
  9983 | D:12     | HP: 3/94 [acid (15)]
  9983 | D:12     | Killed Nessos
 10340 | D:12     | Mangled by a white ugly thing

Vault maps used:
D:1:      evilmike_arrival_crescent
D:2:      grunt_dithmenos_smoke_and_mirrors
D:3:      lemuel_angel_altar
D:4:      first_bread, serial_shops, shop, gup_sewer_entry_bowl, trog_wizard,
          uniq_duvessa, uniq_robin, uniq_blork_the_orc
D:5:      nicolae_ossuary_entry_giza, nicolae_tso_besieged_by_evil, uniq_grinder
D:6:      uniq_eustachio
D:7:      serial_shops, shop, trog_three_pillars_becter
D:8:      lair_entry_dummy, uniq_psyche
D:9:      basic_altar
D:10:     trove_entry_hex_spiral, basic_altar
D:12:     orc_david_3, uniq_nessos
Sewer:    kennysheep_pipe_town
Ossuary:  ossuary_zaba_flooded

Skill      XL: |  1  2  3  4  5  6  7  8  9 10 11 12 |
---------------+-------------------------------------+-----
Shields        | 4 5 6 8 9 10 11 | 11.1
Axes           | 3 4 6 8 9 11 12 | 12.8
Armour         | 4 5 6 7 8 |  8.0
Fighting       | 4 5 7 8 |  8.8
Dodging        | 1 2 |  2.1
Maces & Flails | 3 |  3.2

Action                   |  1- 3 |  4- 6 |  7- 9 | 10-12 || total
-------------------------+-------+-------+-------+-------++-------
Melee: War axe           |    99 |   127 |   537 |   244 ||  1007
       Hand axe          |       |       |       |   406 ||   406
       Dire flail        |       |       |       |    79 ||    79
Invok: Burn Spellbooks   |       |     1 |     2 |     2 ||     5
       Brothers in Arms  |       |       |       |     2 ||     2
  Use: Scroll            |     3 |     1 |    10 |     5 ||    19
       Potion            |     3 |     1 |     4 |     6 ||    14
  Eat: Pizza             |       |     1 |     1 |     1 ||     3
       Meat ration       |       |     1 |       |     4 ||     5
       Fruit             |       |       |     9 |     9 ||    18
       Beef jerky        |       |       |     1 |     1 ||     2
       Chunk             |       |       |       |    13 ||    13
Armor: Scale mail        |    30 |       |       |       ||    30
       Plate armour      |    19 |    90 |   325 |    20 ||   454
       Storm dragon scal |       |       |       |   177 ||   177
       Skin              |       |       |       |     6 ||     6
Dodge: Dodged            |    29 |    24 |   105 |   114 ||   272
Block: Shield            |    45 |    73 |   305 |   319 ||   742
